cohdb
Replays
Latest Replays
All Replays
Popular Replays
Top Player Replays
Match Explorer
How It Works
Community
CoH3 Stats
Reddit
Sign in to upload your games and track your stats! →
Sign in with Steam
Match 45535108
Unlisted
Match 45535108
Overview
Messages
Build Orders
End
Kradschützen Motorcycle Team
Selects Italian Infantry
Panzergrenadier Squad
250 Light Carrier
Panzergrenadier Squad
Construct Light Support Kompanie
Selects Guastatori Squad
Guastatori Squad
MG34 Team
Fire Support Elements
Flakvierling Half-track
Selects Registered Artillery
Panzerjäger Squad
Construct Panzerarmee Kommand
Combat Half-tracks
Selects Towed Cannone da 105/28 Field Howitzer
Panzer III L Medium Tank
2.5-tonne Medical Truck
Towed Cannone da 105/28 Field Howitzer
Panzer III L Medium Tank
Dídac
Kampfgruppe Riwal
wownptlbaby
mav2kfk
Skull Throne
CommieRed
Thank You Chef
Kray-Tos
0
0
Comments
sign in to comment!
No comments posted yet!